[Event "Asian Zonal 3.3 Women 2019"]
[Site "Ulaanbaatar"]
[Date "2019.04.09"]
[Round "3.3"]
[White "Ulziikhishigjargal, Ochirkhuyag"]
[Black "Doan, Thi Hong Nhung"]
[Result "1-0"]
[ECO "A00"]
[WhiteElo "1843"]
[BlackElo "1938"]
[Annotator "NA RC"]
[PlyCount "53"]
[EventDate "2019.04.07"]
[EventType "swiss"]
[EventRounds "9"]
[EventCountry "MGL"]
[SourceTitle "playchess.com"]
[Source "ChessBase"]
[SourceQuality "1"]
[TimeControl "40/5400+30:1800+30"]

1. e4 e6 2. d4 d5 3. Nd2 b6 4. Ngf3 Nf6 5. e5 Nfd7 6. Bd3 c5 7. c3 Ba6 8. Bxa6 Nxa6 9. O-O Be7 10. Ne1 b5 11. f4 Qb6 12. Nc2 O-O 13. Nf3 b4 14. Ne3 Nc7 15. f5 Nb5 16. Qd3 Rab8 17. f6 gxf6 18. exf6 Bxf6 19. Ng4 cxd4 20. Nxf6+ Nxf6 21. Ng5 Ne4 22. Nxe4 dxe4 23. Qg3+ Kh8 24. Bh6 dxc3+ 25. Kh1 Qd4 26. Rad1 Rg8 27. Qf4 1-0

[Event "Asian Zonal 3.3 Women 2019"]
[Site "Ulaanbaatar"]
[Date "2019.04.09"]
[Round "3.14"]
[White "Nomindalai, Tumurbaatar"]
[Black "Anujin, Bat-Amgalan"]
[Result "1-0"]
[ECO "A00"]
[WhiteElo "1958"]
[BlackElo "1407"]
[Annotator "NA RC"]
[PlyCount "47"]
[EventDate "2019.04.07"]
[EventType "swiss"]
[EventRounds "9"]
[EventCountry "MGL"]
[SourceTitle "playchess.com"]
[Source "ChessBase"]
[SourceQuality "1"]
[TimeControl "40/5400+30:1800+30"]

1. d4 d5 2. Bf4 Nf6 3. e3 c5 4. dxc5 Nc6 5. Bb5 e6 6. b4 a5 7. c3 Bd7 8. Qb3 Ne4 9. a3 b6 10. f3 e5 11. fxe4 exf4 12. Qxd5 Qh4+ 13. Kf1 fxe3 14. Ra2 Qf6+ 15. Nf3 bxc5 16. bxc5 Rd8 17. c4 Nb4 18. Bxd7+ Rxd7 19. axb4 Rxd5 20. cxd5 Qa6+ 21. Re2 axb4 22. d6 Qd3 23. Ne5 Bxd6 24. Nxd3 1-0

[Event "Asian Zonal 3.3 Women 2019"]
[Site "Ulaanbaatar"]
[Date "2019.04.09"]
[Round "3.19"]
[White "Enkhnasan, Namjiljav"]
[Black "Ng, Sau Wai"]
[Result "1-0"]
[ECO "A00"]
[WhiteElo "1610"]
[BlackElo "1154"]
[Annotator "NA RC"]
[PlyCount "103"]
[EventDate "2019.04.07"]
[EventType "swiss"]
[EventRounds "9"]
[EventCountry "MGL"]
[SourceTitle "playchess.com"]
[Source "ChessBase"]
[SourceQuality "1"]
[TimeControl "40/5400+30:1800+30"]

1. d4 Nf6 2. c4 e5 3. d5 Bc5 4. e3 d6 5. h3 O-O 6. Nc3 a6 7. Bd3 Re8 8. Qc2 c6 9. e4 Nh5 10. Qe2 Nf6 11. Nf3 Nbd7 12. Bd2 cxd5 13. exd5 Bd4 14. O-O Nc5 15. Bc2 Rb8 16. b4 Ncd7 17. Rac1 Nf8 18. Ne4 Ba7 19. Nxf6+ gxf6 20. Bh6 Ng6 21. Qd2 e4 22. Nd4 Bxd4 23. Qxd4 Bf5 24. g4 Nh4 25. Qe3 Bg6 26. Bd1 Qe7 27. Rc3 Qe5 28. Bf4 Qe7 29. Qg3 Nf3+ 30. Bxf3 Rbd8 31. Be2 Kh8 32. h4 f5 33. g5 h6 34. Be3 Kh7 35. h5 Rg8 36. hxg6+ Rxg6 37. Qh4 Qe5 38. Rb3 Rdg8 39. Kh1 f6 40. Bh5 fxg5 41. Bxg6+ Rxg6 42. Qh2 f4 43. Bb6 g4 44. Bd8 Qf5 45. Qh4 f3 46. Qh2 Qf8 47. Bh4 Rg7 48. Re3 Qc8 49. Rxe4 Qf5 50. Re7 Qd3 51. Rxg7+ Kxg7 52. Rg1 1-0

[Event "Asian Zonal 3.3 Women 2019"]
[Site "Ulaanbaatar"]
[Date "2019.04.10"]
[Round "4.2"]
[White "Yanjinlkham, Bayarsaikhan"]
[Black "Ulziikhishigjargal, Ochirkhuyag"]
[Result "0-1"]
[ECO "A00"]
[WhiteElo "1951"]
[BlackElo "1843"]
[Annotator "NA RC"]
[PlyCount "74"]
[EventDate "2019.04.07"]
[EventType "swiss"]
[EventRounds "9"]
[EventCountry "MGL"]
[SourceTitle "playchess.com"]
[Source "ChessBase"]
[SourceQuality "1"]
[TimeControl "40/5400+30:1800+30"]

1. d4 d5 2. Nf3 Nc6 3. g3 Nf6 4. Bg2 Bf5 5. Nh4 Bg6 6. O-O e6 7. b3 Be7 8. Nxg6 hxg6 9. Bb2 Bd6 10. Nd2 Ne7 11. e4 dxe4 12. Qe2 c6 13. c4 O-O 14. Nxe4 Nxe4 15. Bxe4 a5 16. a4 Re8 17. Rad1 Qd7 18. Rd3 Rad8 19. Qd1 Nf5 20. Bc3 Bb4 21. Bxb4 axb4 22. Bxf5 gxf5 23. Qd2 e5 24. Qxb4 exd4 25. Rfd1 Re4 26. c5 Qe7 27. Rxd4 Rdxd4 28. Rxd4 Re5 29. Qa5 Re1+ 30. Kg2 Qe2 31. Qd8+ Kh7 32. Qh4+ Kg6 33. g4 Qf1+ 34. Kf3 Qh1+ 35. Kf4 Re4+ 36. Rxe4 Qxe4+ 37. Kg3 f4+ 0-1

[Event "Asian Zonal 3.3 Women 2019"]
[Site "Ulaanbaatar"]
[Date "2019.04.10"]
[Round "4.7"]
[White "Munkhzul, Turmunkh"]
[Black "Le, Thanh Tu"]
[Result "1-0"]
[ECO "A00"]
[WhiteElo "2348"]
[BlackElo "2220"]
[Annotator "NA RC"]
[PlyCount "91"]
[EventDate "2019.04.07"]
[EventType "swiss"]
[EventRounds "9"]
[EventCountry "MGL"]
[SourceTitle "playchess.com"]
[Source "ChessBase"]
[SourceQuality "1"]
[TimeControl "40/5400+30:1800+30"]

1. e4 e6 2. d4 d5 3. Nd2 Be7 4. Ngf3 Nf6 5. e5 Nfd7 6. Bd3 c5 7. c3 Nc6 8. O-O a5 9. Re1 cxd4 10. cxd4 Qb6 11. Qa4 Qb4 12. Qxb4 Nxb4 13. Bb1 Nb6 14. a3 Nc6 15. Bd3 a4 16. Nf1 Bd7 17. Bd2 O-O 18. Rac1 Rfc8 19. Ne3 h6 20. h4 Kf8 21. g4 Na5 22. Rxc8+ Nxc8 23. Ng2 Nb3 24. Bc3 Na7 25. Nd2 Nxd2 26. Bxd2 Rc8 27. f4 Nc6 28. Bc3 Bd8 29. Kf2 Bb6 30. Ke3 Ke7 31. h5 Ba5 32. Rc1 Bb6 33. Rc2 Ke8 34. Ne1 Na7 35. Bb4 Rxc2 36. Bxc2 Bb5 37. Nd3 Bc6 38. Bc5 Nc8 39. Bb4 Bd8 40. Nc5 Nb6 41. Nxe6 fxe6 42. Bg6+ Kd7 43. Bf8 Nc8 44. Bxg7 Ke7 45. g5 hxg5 46. h6 1-0

[Event "Asian Zonal 3.3 Women 2019"]
[Site "Ulaanbaatar"]
[Date "2019.04.10"]
[Round "4.10"]
[White "Sihite, Chelsie Monica Igne"]
[Black "Margadgua, Erdenebayar"]
[Result "1-0"]
[ECO "A00"]
[WhiteElo "2227"]
[BlackElo "1585"]
[Annotator "NA RC"]
[PlyCount "79"]
[EventDate "2019.04.07"]
[EventType "swiss"]
[EventRounds "9"]
[EventCountry "MGL"]
[SourceTitle "playchess.com"]
[Source "ChessBase"]
[SourceQuality "1"]
[TimeControl "40/5400+30:1800+30"]

1. e4 c5 2. Nf3 d6 3. d4 cxd4 4. Nxd4 Nf6 5. Nc3 a6 6. Be3 e6 7. f3 b5 8. Qd2 Nbd7 9. O-O-O Bb7 10. g4 h6 11. h4 b4 12. Nce2 d5 13. Bh3 g5 14. hxg5 hxg5 15. e5 Nxe5 16. Bxg5 Rg8 17. Bxf6 Qxf6 18. g5 Qe7 19. b3 O-O-O 20. Kb1 Kb8 21. Qe3 Nd7 22. f4 Nc5 23. Rhg1 Ne4 24. Bg2 Nc5 25. Bf3 Qc7 26. c3 bxc3 27. Nxc3 Bd6 28. Nce2 Qb6 29. Rh1 Rh8 30. Rh6 Rdg8 31. Rdh1 Qd8 32. Qc3 Rxh6 33. Rxh6 Qc7 34. b4 Nd7 35. Qxc7+ Bxc7 36. Bh5 Rf8 37. Bg4 Kc8 38. g6 e5 39. g7 Rg8 40. Rh8 1-0

[Event "Asian Zonal 3.3 Women 2019"]
[Site "Ulaanbaatar"]
[Date "2019.04.10"]
[Round "4.15"]
[White "Anujin, Bat-Amgalan"]
[Black "Mungunzul, Bat-Erdene"]
[Result "0-1"]
[ECO "A00"]
[WhiteElo "1407"]
[BlackElo "1906"]
[Annotator "NA RC"]
[PlyCount "162"]
[EventDate "2019.04.07"]
[EventType "swiss"]
[EventRounds "9"]
[EventCountry "MGL"]
[SourceTitle "playchess.com"]
[Source "ChessBase"]
[SourceQuality "1"]
[TimeControl "40/5400+30:1800+30"]

1. d4 d5 2. Bf4 e6 3. e3 Nf6 4. Nd2 Bd6 5. Bg3 O-O 6. Ngf3 c5 7. c3 Nc6 8. Bd3 b6 9. e4 dxe4 10. Nxe4 Nxe4 11. Bxe4 Bb7 12. Qa4 Na5 13. Bxb7 Nxb7 14. Bxd6 Qxd6 15. O-O Qd5 16. Rad1 c4 17. Rfe1 Rfc8 18. Qc2 Rd8 19. Re5 Qc6 20. Rh5 g6 21. Ne5 Qc7 22. Rh3 Rd5 23. Ng4 Qf4 24. Qe2 b5 25. Ne5 Rad8 26. Re1 Nd6 27. Rf3 Qg5 28. Rg3 Qf6 29. Ng4 Qg7 30. Rh3 Nf5 31. Ne3 Nxe3 32. Rxe3 Qf8 33. Re5 R8d6 34. Qf3 Qh6 35. Qf6 Qd2 36. R5e2 Qd3 37. Qe7 Rd7 38. Qe8+ Kg7 39. Qb8 Rg5 40. Re5 Rd5 41. Rxg5 Rxg5 42. Qf4 Rf5 43. Qe3 Qc2 44. Qe2 Qa4 45. a3 Qb3 46. Qd2 Qa2 47. h3 a6 48. Re5 Qb1+ 49. Re1 Qa2 50. Re5 Rf6 51. Re1 Qb3 52. Re2 Qa2 53. Re1 h6 54. Kh2 g5 55. Qe2 Rf5 56. Qd2 Rd5 57. Qc1 Rf5 58. Qd2 Rf4 59. Qe2 Qb3 60. Qe5+ Kh7 61. Qe2 Qa4 62. g3 Rf5 63. Qe4 Kg7 64. Kg2 a5 65. Qe2 Rd5 66. Qe4 b4 67. axb4 axb4 68. Qf3 Rf5 69. Qe2 Qc6+ 70. Qe4 Qb5 71. Rb1 Qa5 72. Rc1 Qa2 73. Rc2 b3 74. Re2 Qa1 75. Qc6 Qd1 76. Qxc4 Ra5 77. Re3 Ra1 78. f4 Qg1+ 79. Kf3 Rf1+ 80. Ke4 f5+ 81. Ke5 Qxe3+ 0-1

[Event "Asian Zonal 3.3 Women 2019"]
[Site "Ulaanbaatar"]
[Date "2019.04.10"]
[Round "4.16"]
[White "Unurzul, Davaakhuu"]
[Black "Munkhzul, Davaakhuu"]
[Result "0-1"]
[ECO "A00"]
[WhiteElo "1378"]
[BlackElo "1793"]
[Annotator "NA RC"]
[PlyCount "52"]
[EventDate "2019.04.07"]
[EventType "swiss"]
[EventRounds "9"]
[EventCountry "MGL"]
[SourceTitle "playchess.com"]
[Source "ChessBase"]
[SourceQuality "1"]
[TimeControl "40/5400+30:1800+30"]

1. e4 c5 2. Nf3 e6 3. d4 cxd4 4. Nxd4 Nc6 5. Be3 Nf6 6. Nc3 Bb4 7. Bd3 d5 8. Nxc6 bxc6 9. e5 Nd7 10. Qg4 Bxc3+ 11. bxc3 g6 12. Qd4 c5 13. Qa4 O-O 14. O-O c4 15. Be2 Nxe5 16. Bd4 Bd7 17. Qa3 Nc6 18. Be3 Qf6 19. Rfd1 Rfd8 20. Rab1 Rab8 21. Rxb8 Rxb8 22. Bxc4 dxc4 23. Rxd7 Rb1+ 24. Bc1 Qxc3 25. Rd1 Qxa3 26. Bxa3 Rxd1# 0-1

[Event "Asian Zonal 3.3 Women 2019"]
[Site "Ulaanbaatar"]
[Date "2019.04.10"]
[Round "4.17"]
[White "Enkhsaran, Batsaikhan"]
[Black "Urangoo, Kherlenzorig"]
[Result "1/2-1/2"]
[ECO "A00"]
[WhiteElo "1792"]
[BlackElo "1475"]
[Annotator "NA RC"]
[PlyCount "85"]
[EventDate "2019.04.07"]
[EventType "swiss"]
[EventRounds "9"]
[EventCountry "MGL"]
[SourceTitle "playchess.com"]
[Source "ChessBase"]
[SourceQuality "1"]
[TimeControl "40/5400+30:1800+30"]

1. d4 d5 2. c4 c6 3. Nc3 Nf6 4. Nf3 Nbd7 5. g3 a6 6. cxd5 cxd5 7. Bg2 e6 8. O-O Bd6 9. Nd2 Be7 10. e4 dxe4 11. Ndxe4 O-O 12. Bf4 Nxe4 13. Nxe4 Nb6 14. Rc1 Nd5 15. Bd2 b6 16. Qb3 Bb7 17. Rfe1 Qd7 18. Rc2 Rac8 19. Rec1 Rxc2 20. Rxc2 Rc8 21. a3 Rxc2 22. Qxc2 Qc8 23. Qxc8+ Bxc8 24. Nc3 Bb7 25. Na4 Bd8 26. Kf1 Bc6 27. Nc3 Bf6 28. Be3 Kf8 29. Be4 Ke7 30. Nxd5+ Bxd5 31. Bd3 b5 32. g4 h6 33. f4 g5 34. fxg5 hxg5 35. Kf2 Kd6 36. Ke1 Bf3 37. h3 Bd5 38. Bg1 Bc4 39. Be4 Bd5 40. Bd3 Bc4 41. Be4 Bd5 42. Bd3 Bb7 43. b4 1/2-1/2

[Event "Asian Zonal 3.3 Women 2019"]
[Site "Ulaanbaatar"]
[Date "2019.04.10"]
[Round "4.19"]
[White "Ng, Sau Wai"]
[Black "Lkhagvajed, Gantulga"]
[Result "0-1"]
[ECO "A00"]
[WhiteElo "1154"]
[BlackElo "1344"]
[Annotator "NA RC"]
[PlyCount "66"]
[EventDate "2019.04.07"]
[EventType "swiss"]
[EventRounds "9"]
[EventCountry "MGL"]
[SourceTitle "playchess.com"]
[Source "ChessBase"]
[SourceQuality "1"]
[TimeControl "40/5400+30:1800+30"]

1. c4 e5 2. g3 Nf6 3. Bg2 Be7 4. Nc3 c6 5. Nf3 d6 6. O-O O-O 7. d4 e4 8. Ng5 d5 9. cxd5 cxd5 10. f3 h6 11. Nh3 exf3 12. exf3 Nc6 13. Nf4 b6 14. b3 Nxd4 15. Kh1 Ne6 16. Nfxd5 Ba6 17. Nxe7+ Qxe7 18. Re1 Rfd8 19. Qc2 Rac8 20. Bb2 Qc5 21. Rad1 Nd5 22. Re5 Qc6 23. f4 Nb4 24. Rxd8+ Rxd8 25. Bxc6 Nxc2 26. Nd5 Kh7 27. Ne7 Rd1+ 28. Kg2 Ne1+ 29. Kh3 Kh8 30. Be4 Bd3 31. Bc3 Bxe4 32. Rxe4 Nd3 33. Nf5 Nf2+ 0-1

[Event "Asian Zonal 3.3 Women 2019"]
[Site "Ulaanbaatar"]
[Date "2019.04.11"]
[Round "5.5"]
[White "Vo, Thi Kim Phung"]
[Black "Yanjinlkham, Bayarsaikhan"]
[Result "1-0"]
[ECO "A90"]
[WhiteElo "2349"]
[BlackElo "1951"]
[Annotator "NA RC"]
[PlyCount "91"]
[EventDate "2019.04.07"]
[EventType "swiss"]
[EventRounds "9"]
[EventCountry "MGL"]
[SourceTitle "playchess.com"]
[Source "ChessBase"]
[SourceQuality "1"]
[TimeControl "40/5400+30:1800+30"]

1. d4 d5 2. Nf3 c6 3. g3 e6 4. Bg2 f5 5. O-O Nf6 6. c4 Bd6 7. Nc3 O-O 8. Qc2 Qe7 9. Rb1 {[%emt 0:00:17] A90: Dutch Defence: Miscellaneous and Modern Stonewall (with ...Bd6)} b6 (9... Bd7 10. c5 Bc7 11. b4 Ne4 12. Nxe4 fxe4 13. Bg5 Qf7 14. Ne5 Bxe5 15. dxe5 Be8 16. f3 Nd7 17. fxe4 {½-½ (48) Wojtaszek,R (2750)-Sadzikowski,D (2588) Warsaw 2018}) 10. cxd5 exd5 11. Bf4 Bxf4 12. gxf4 Ne4 13. Ne5 Bb7 14. e3 Rf6 $146 ({Predecessor:} 14... Qe6 15. Nxe4 fxe4 16. f3 Ba6 {1-0 (73) Malaniuk,V (2610)-Parker,J (2400) Hastings 1994}) 15. Nxe4 fxe4 16. f3 exf3 17. Rxf3 Bc8 18. Bh3 Bb7 19. b4 Na6 20. b5 cxb5 21. Rxb5 Rd8 22. Rg3 Nb4 23. Rxb4 Qxb4 24. Qc7 Qf8 25. Qxb7 Rfd6 26. Rg5 g6 27. Rg2 Qg7 28. Qxg7+ Kxg7 29. Rc2 Ra8 30. Rc7+ Kg8 31. Bg2 Rad8 32. Bh3 Ra8 $1 33. Nf7 Rf6 34. Nh6+ Kf8 35. Rxh7 Re8 36. Rxa7 b5 37. Ng4 Rf7 38. Ra5 Rb7 39. Ne5 Kg7 40. Ra6 Kh7 41. Kf2 Rbe7 42. Bg2 Rc7 43. Bxd5 Rc2+ 44. Kg3 Rc3 45. Kf3 Rd8 46. Ra7+ 1-0

[Event "Asian Zonal 3.3 Women 2019"]
[Site "Ulaanbaatar"]
[Date "2019.04.11"]
[Round "5.6"]
[White "Hoang, Thi Bao Tram"]
[Black "Doan, Thi Hong Nhung"]
[Result "1-0"]
[ECO "E48"]
[WhiteElo "2298"]
[BlackElo "1938"]
[Annotator "NA RC"]
[PlyCount "47"]
[EventDate "2019.04.07"]
[EventType "swiss"]
[EventRounds "9"]
[EventCountry "MGL"]
[SourceTitle "playchess.com"]
[Source "ChessBase"]
[SourceQuality "1"]
[TimeControl "40/5400+30:1800+30"]

1. d4 Nf6 2. c4 e6 3. Nc3 Bb4 4. e3 c5 5. Bd3 Nc6 6. Nge2 d5 7. a3 cxd4 8. exd4 Be7 9. O-O O-O 10. Bf4 b6 11. cxd5 exd5 12. Rc1 Bb7 13. Bb1 Bd6 $16 14. Bg5 Bxh2+ 15. Kxh2 Ng4+ 16. Kg3 Qxg5 17. f4 Qe7 18. Kxg4 Rad8 19. Qd3 f5+ 20. Kg3 Rd6 21. Rh1 Na5 22. Ba2 Re8 23. Kf2 Re6 24. Ng3 1-0

[Event "Asian Zonal 3.3 Women 2019"]
[Site "Ulaanbaatar"]
[Date "2019.04.11"]
[Round "5.15"]
[White "Margadgua, Erdenebayar"]
[Black "Enkhsaran, Batsaikhan"]
[Result "0-1"]
[ECO "A00"]
[WhiteElo "1585"]
[BlackElo "1792"]
[Annotator "NA RC"]
[PlyCount "88"]
[EventDate "2019.04.07"]
[EventType "swiss"]
[EventRounds "9"]
[EventCountry "MGL"]
[SourceTitle "playchess.com"]
[Source "ChessBase"]
[SourceQuality "1"]
[TimeControl "40/5400+30:1800+30"]

1. d3 d5 2. Nd2 c5 3. e4 e6 4. Ngf3 Nf6 5. g3 Nc6 6. Bg2 Be7 7. O-O O-O 8. Re1 b6 9. e5 Nd7 10. Nf1 Ba6 11. a4 Rc8 12. h4 c4 13. d4 c3 14. bxc3 Na5 15. Bd2 Nc4 16. Ne3 Nxd2 17. Qxd2 Qc7 18. Nd1 Nb8 19. Qf4 Nc6 20. Bh3 h6 21. Nd2 Na5 22. Qg4 Nc4 23. Nxc4 Bxc4 24. f4 Ba6 25. Qf3 Rcd8 26. h5 Qc6 27. Qe3 Rb8 28. Kh2 Rfe8 29. g4 f6 30. exf6 Bxf6 31. g5 hxg5 32. fxg5 Bd8 33. Kg1 Bc7 34. Qf3 e5 35. Qg4 exd4 36. Re6 Bd6 37. Qxd4 Qc7 38. Nf2 Bc5 39. Rxe8+ Rxe8 40. Qxd5+ Kh8 41. Bg2 Rf8 42. Qd2 Rxf2 43. Qxf2 Bxf2+ 44. Kxf2 Qxc3 0-1

[Event "Asian Zonal 3.3 Women 2019"]
[Site "Ulaanbaatar"]
[Date "2019.04.11"]
[Round "5.16"]
[White "Udval, Enkhsaikhan"]
[Black "Anujin, Bat-Amgalan"]
[Result "1/2-1/2"]
[ECO "A00"]
[WhiteElo "1761"]
[BlackElo "1407"]
[Annotator "NA RC"]
[PlyCount "64"]
[EventDate "2019.04.07"]
[EventType "swiss"]
[EventRounds "9"]
[EventCountry "MGL"]
[SourceTitle "playchess.com"]
[Source "ChessBase"]
[SourceQuality "1"]
[TimeControl "40/5400+30:1800+30"]

1. d4 Nf6 2. c4 e6 3. Nf3 Bb4+ 4. Nc3 b6 5. Bd2 Bb7 6. e3 O-O 7. Bd3 c5 8. O-O cxd4 9. exd4 d5 10. cxd5 Nxd5 11. Nxd5 Bxd2 12. Nxb6 Qxb6 13. Nxd2 Qxd4 14. Nc4 Rd8 15. Qc2 Qh4 16. Rfd1 Nc6 17. Ne3 Rac8 18. Qb3 Qb4 19. Qxb4 Nxb4 20. Bf1 Nd5 21. Nxd5 Rxd5 22. Rxd5 Bxd5 23. b4 Kf8 24. h3 Ke7 25. a4 Rb8 26. Rb1 a5 27. b5 Rb6 28. Bd3 h6 29. Rc1 Kd6 30. Rc3 Rb7 31. Rc8 Rc7 32. Rxc7 Kxc7 1/2-1/2

[Event "Asian Zonal 3.3 Women 2019"]
[Site "Ulaanbaatar"]
[Date "2019.04.11"]
[Round "5.17"]
[White "Unurzul, Davaakhuu"]
[Black "Enkhnasan, Namjiljav"]
[Result "1-0"]
[ECO "A00"]
[WhiteElo "1378"]
[BlackElo "1610"]
[Annotator "NA RC"]
[PlyCount "107"]
[EventDate "2019.04.07"]
[EventType "swiss"]
[EventRounds "9"]
[EventCountry "MGL"]
[SourceTitle "playchess.com"]
[Source "ChessBase"]
[SourceQuality "1"]
[TimeControl "40/5400+30:1800+30"]

1. e4 c6 2. Nf3 d5 3. exd5 cxd5 4. d4 h6 5. Nc3 Nf6 6. Bb5+ Bd7 7. Bxd7+ Nbxd7 8. O-O e6 9. Bf4 a6 10. a3 Be7 11. h3 O-O 12. Bg3 Rc8 13. Qe2 Qb6 14. Na4 Qc6 15. Nc3 Ne4 16. Nxe4 dxe4 17. Ne5 Nxe5 18. Bxe5 f5 19. c3 Bd6 20. Bxd6 Qxd6 21. Rad1 Qc6 22. Rfe1 Rf6 23. Qe3 Rg6 24. Qf4 Rf8 25. Qe5 Kh7 26. d5 exd5 27. Rxd5 Qb6 28. Qe7 Rff6 29. Qb4 Qxb4 30. axb4 b5 31. Red1 f4 32. Re1 Re6 33. Rd4 f3 34. g4 h5 35. Rexe4 Rxe4 36. Rxe4 hxg4 37. Rxg4 Rf6 38. Kh2 Kh6 39. Kg3 g5 40. h4 gxh4+ 41. Rxh4+ Kg5 42. Rg4+ Kh5 43. Rf4 Rd6 44. Rxf3 Kg5 45. Re3 Kf5 46. Kf3 Rd2 47. Re2 Rd3+ 48. Kg2 Kf6 49. f3 Rd8 50. Kg3 Rg8+ 51. Kf4 Rh8 52. Rd2 Ke6 53. Ke4 Ke7 54. f4 1-0

[Event "Asian Zonal 3.3 Women 2019"]
[Site "Ulaanbaatar"]
[Date "2019.04.11"]
[Round "5.18"]
[White "Lkhagvajed, Gantulga"]
[Black "Khongorzul, Davaakhuu"]
[Result "0-1"]
[ECO "A00"]
[WhiteElo "1344"]
[BlackElo "1568"]
[Annotator "NA RC"]
[PlyCount "96"]
[EventDate "2019.04.07"]
[EventType "swiss"]
[EventRounds "9"]
[EventCountry "MGL"]
[SourceTitle "playchess.com"]
[Source "ChessBase"]
[SourceQuality "1"]
[TimeControl "40/5400+30:1800+30"]

1. d4 d5 2. Nf3 c6 3. c3 Bf5 4. Bf4 h6 5. e3 Nf6 6. Nbd2 Nbd7 7. Be2 e6 8. O-O Be7 9. Ne5 Nxe5 10. Bxe5 O-O 11. Nf3 Nd7 12. Bg3 Nf6 13. Ne5 Ne4 14. Bd3 f6 15. Nf3 Qe8 16. Nh4 Nxg3 17. hxg3 Bxd3 18. Qxd3 f5 19. Nf3 Bd6 20. b4 b5 21. a4 a6 22. axb5 cxb5 23. Ra3 Qc6 24. Rfa1 Rfc8 25. Rb3 Qe8 26. Rba3 Qh5 27. Qd2 Rc6 28. Ne1 Qg4 29. Nd3 h5 30. Ne5 Bxe5 31. dxe5 h4 32. gxh4 Qxh4 33. Qd4 Qh5 34. Qd2 Kf7 35. f4 g5 36. Ra5 Rh8 37. Rxa6 Rxa6 38. Rxa6 g4 39. Ra7+ Kg6 40. Kf2 g3+ 41. Kxg3 Qh4+ 42. Kf3 Kh6 43. Ke2 Rg8 44. Kd3 Qh1 45. Ra2 Rg3 46. Qe2 Qb1+ 47. Rc2 Qb3 48. Kd4 Rxg2 0-1

[Event "Asian Zonal 3.3 Women 2019"]
[Site "Ulaanbaatar"]
[Date "2019.04.11"]
[Round "5.19"]
[White "Khanyl, Chuluuntuya"]
[Black "Ng, Sau Wai"]
[Result "1/2-1/2"]
[ECO "A00"]
[WhiteElo "1375"]
[BlackElo "1154"]
[Annotator "NA RC"]
[PlyCount "61"]
[EventDate "2019.04.07"]
[EventType "swiss"]
[EventRounds "9"]
[EventCountry "MGL"]
[SourceTitle "playchess.com"]
[Source "ChessBase"]
[SourceQuality "1"]
[TimeControl "40/5400+30:1800+30"]

1. d4 Nf6 2. Nf3 g6 3. Bg5 Bg7 4. e3 Na6 5. c3 O-O 6. Nbd2 d6 7. h3 Re8 8. Bd3 Qd7 9. O-O e5 10. dxe5 dxe5 11. Bc2 Qc6 12. Bxf6 Bxf6 13. Ba4 b5 14. Bc2 Rb8 15. Be4 Qd7 16. Qe2 Bb7 17. Bd3 e4 18. Bxb5 exf3 19. Nxf3 Bxf3 20. Qxf3 Qxb5 21. Qxf6 Nc5 22. Rfb1 Ne4 23. Qd4 Qb6 24. b3 Qxd4 25. cxd4 c5 26. dxc5 Nxc5 27. Rc1 Nd3 28. Rc7 Ra8 29. Rd1 Red8 30. Kf1 a5 31. e4 1/2-1/2

[Event "Asian Zonal 3.3 Women 2019"]
[Site "Ulaanbaatar"]
[Date "2019.04.12"]
[Round "6.6"]
[White "Nguyen, Thi Mai Hung"]
[Black "Le, Thanh Tu"]
[Result "1/2-1/2"]
[ECO "A00"]
[WhiteElo "2281"]
[BlackElo "2220"]
[Annotator "RC"]
[PlyCount "68"]
[EventDate "2019.04.07"]
[EventType "swiss"]
[EventRounds "9"]
[EventCountry "MGL"]
[SourceTitle "playchess.com"]
[Source "ChessBase"]
[SourceQuality "1"]
[TimeControl "40/5400+30:1800+30"]

1. d4 c5 2. d5 Nf6 3. c4 e6 4. Nc3 exd5 5. cxd5 d6 6. Nf3 g6 7. g3 Bg7 8. Bg2 O-O 9. O-O a6 10. a4 Re8 11. Re1 Nbd7 12. e4 Qc7 13. h3 Rb8 14. Bf1 c4 15. a5 Nc5 16. e5 dxe5 17. d6 Qd8 18. Nxe5 Nh5 19. Nxc4 Rxe1 20. Qxe1 Nb3 21. Ra3 Nxc1 22. Qxc1 Be6 23. Qd2 Nf6 24. Ra4 Bf8 25. Bg2 b5 26. axb6 Bxc4 27. Rxc4 Rxb6 28. Rd4 Rxd6 29. Rxd6 Qxd6 30. Nd5 Nxd5 31. Bxd5 Qf6 32. b3 Bc5 33. Kg2 a5 34. Qe2 Kg7 1/2-1/2

[Event "Asian Zonal 3.3 Women 2019"]
[Site "Ulaanbaatar"]
[Date "2019.04.12"]
[Round "6.11"]
[White "Mungunzul, Bat-Erdene"]
[Black "Yanjinlkham, Bayarsaikhan"]
[Result "0-1"]
[ECO "A00"]
[WhiteElo "1906"]
[BlackElo "1951"]
[Annotator "NA RC"]
[PlyCount "80"]
[EventDate "2019.04.07"]
[EventType "swiss"]
[EventRounds "9"]
[EventCountry "MGL"]
[SourceTitle "playchess.com"]
[Source "ChessBase"]
[SourceQuality "1"]
[TimeControl "40/5400+30:1800+30"]

1. d4 d5 2. c4 c6 3. Nc3 Nf6 4. Nf3 a6 5. a4 e6 6. Bg5 dxc4 7. Ne5 h6 8. Bxf6 gxf6 9. Nxc4 Bb4 10. Qb3 a5 11. e3 Nd7 12. Be2 Rg8 13. Bf3 Rb8 14. Na3 f5 15. Rd1 Qe7 16. Nc2 Bd6 17. g3 Kf8 18. e4 e5 19. d5 f4 20. Qc4 Nc5 21. Qe2 Rg6 22. Bh5 Rg5 23. Bf3 Bd7 24. Na3 Nb3 25. gxf4 exf4 26. h4 Rg6 27. Nc4 Bc5 28. Qd3 Nd4 29. Bh5 Rg2 30. Rd2 Bg4 31. Bxg4 Rxg4 32. d6 Qe6 33. f3 Rg3 34. Ne2 Nxf3+ 35. Kd1 Nxd2 36. Nxg3 Qxc4 37. Qxd2 Qb3+ 38. Ke2 Qxg3 39. Qxa5 Qe3+ 40. Kd1 Qd3+ 0-1

[Event "Asian Zonal 3.3 Women 2019"]
[Site "Ulaanbaatar"]
[Date "2019.04.12"]
[Round "6.12"]
[White "Doan, Thi Hong Nhung"]
[Black "Tsogzolmaa, Nanjid"]
[Result "1-0"]
[ECO "A00"]
[WhiteElo "1938"]
[BlackElo "1815"]
[Annotator "NA RC"]
[PlyCount "105"]
[EventDate "2019.04.07"]
[EventType "swiss"]
[EventRounds "9"]
[EventCountry "MGL"]
[SourceTitle "playchess.com"]
[Source "ChessBase"]
[SourceQuality "1"]
[TimeControl "40/5400+30:1800+30"]

1. d4 e6 2. c4 Nf6 3. Nf3 d5 4. Nc3 a6 5. cxd5 exd5 6. Qc2 Be6 7. Bg5 Bd6 8. e3 Nbd7 9. Bd3 c6 10. O-O Qc7 11. Bh4 O-O 12. Na4 Bg4 13. Bg3 Bh5 14. b4 Bxg3 15. hxg3 Bg6 16. Nc5 Rfe8 17. Rab1 Bxd3 18. Qxd3 Ne4 19. a4 Nd6 20. Rfc1 Nb6 21. Ng5 f5 22. Qe2 h6 23. Nf3 Nbc4 24. Nd2 Nxd2 25. Qxd2 Qf7 26. Nd3 Nc4 27. Qc3 h5 28. Ne5 Nxe5 29. dxe5 Qe6 30. f4 Qg6 31. Kf2 Re6 32. Rh1 Qf7 33. Qd4 Rc8 34. Rbc1 g6 35. Rc3 Qe7 36. Kf3 a5 37. bxa5 Qd8 38. Rc5 Ra8 39. Qc3 Re7 40. Rb1 Rd7 41. Qd2 g5 42. Rh1 h4 43. gxh4 g4+ 44. Kg3 d4 45. Qa2+ Kf8 46. e6 Rd5 47. Rxd5 cxd5 48. exd4 Qxa5 49. Qa3+ Kg8 50. Rc1 Re8 51. Qe3 Qxa4 52. Rc7 Qa6 53. Qe5 1-0